 Dungeon Crawl Stone Soup version 0.28-a0-1033-g1a2f33fa85 (webtiles) character file.

Game seed: 11915875080877124234

17 ytrimaz the Scratcher (level 2, 0/12 HPs)
             Began as a Felid Transmuter on Dec 7, 2021.
             Slain by a bat (1 damage)
             ... on level 2 of the Dungeon.
             The game lasted 00:02:22 (904 turns).

ytrimaz the Scratcher (Felid Transmuter)             Turns: 904, Time: 00:02:22

Health: 0/12       AC:  1    Str:  6    XL:     2   Next: 44%
Magic:  6/6        EV: 17    Int: 14    God:
Gold:   38         SH:  0    Dex: 16    Spells: 4/5 levels left
                                        Lives:  0   Deaths: 0

rFire   . . .      SeeInvis +     - Unarmed
rCold   . . .      Faith    .   (shield unavailable)
rNeg    . . .      Spirit   .   (armour unavailable)
rPois   .          Reflect  .   (helmet unavailable)
rElec   .          Harm     .   (cloak unavailable)
rCorr   .          Rampage  .   (gloves unavailable)
Will    .....                   (boots unavailable)
Stlth   +.........              (no amulet)
HPRegen 0.04/turn               (no ring)
MPRegen 0.10/turn               (no ring)

@: quick
A: very small, claws 1, fangs 3, see invisible, speed 1, shaggy fur 1, stealthy
paws, no weapons or thrown items, no armour, multi-lived
a: no special abilities


You were on level 2 of the Dungeon.
You visited 1 branch of the dungeon, and saw 2 of its levels.

You collected 38 gold pieces.

Inventory:

Potions
 a - a potion of might {unknown}


   Skills:
 * Level 1.4 Fighting
 - Level 2.6 Dodging
 + Level 3.3 Unarmed Combat
 * Level 2.2 Spellcasting
 + Level 2.4 Transmutations


You had 4 spell levels left.
You knew the following spells:

 Your Spells              Type           Power      Damage    Failure   Level
a - Beastly Appendage     Tmut           16%        N/A       9%          1

Your spell library contained the following spells:

 Spells                   Type           Power      Damage    Failure   Level
 Wereblood                Tmut           8%         N/A       13%         2
 Spider Form              Tmut/Pois      4%         N/A       38%         3
 Ice Form                 Ice/Tmut       4%         N/A       80%         4


Dungeon Overview and Level Annotations

Branches:
Dungeon (2/15)

Altars:
Xom


Innate Abilities, Weirdness & Mutations

You have sharp claws.
You have razor-sharp teeth.
You have supernaturally acute eyesight. (SInv)
You cover ground quickly. (Speed+)
You are covered in fur. (AC +1)
Your paws help you pounce on unaware monsters.
You are incapable of wielding weapons or throwing items.
You cannot wear armour.
You gain extra lives every three experience levels.


Message History

Unknown command.
A bat comes into view.
The bat misses you. The bat misses you.
There is a stone staircase leading up here.
The bat misses you.
You barely miss the bat. The bat hits you but does no damage.
The bat barely misses you. The bat hits you.
You scratch the bat.
You kill the bat!
No target in view!
No target in view!
b - a scroll labelled XIGOVOA WATUFI
Found a shimmering altar of Xom.
A hobgoblin comes into view.
The hobgoblin shouts!
A hobgoblin is nearby!
Okay, then.
As you read the scroll labelled XIGOVOA WATUFI, it crumbles to dust.
It is a scroll of amnesia.
Really abort (and waste the scroll)? [Y]es or [N]o only, please.
Really abort (and waste the scroll)?
Okay, then.
A rat comes into view.
A bat comes into view.
The hobgoblin hits you.
You barely miss the hobgoblin. The hobgoblin hits you.
* * * LOW HITPOINT WARNING * * *
You are too injured to fight recklessly!
You are too injured to fight recklessly!
Unknown command.
The bat completely misses you. The bat barely misses you.
The bat closely misses you. The bat hits you but does no damage.
The bat completely misses you. The bat hits you.
* * * LOW HITPOINT WARNING * * *
Found a leather armour.
The bat hits you.
You die...

......#<#.....#
#####...#.....###
###.........# ...
##......###...#
#...........#
#.......##.###
#.............
.###.#######............
.......@b...g..r........
[.###.....##.##.#.......
#####.....#.........
#.....###....... #.._..#
#..#.... #.....#
##$#.... #.....# .. ...
#..#..# ... .. ... ..


You could see a hobgoblin and a bat.

Vanquished Creatures
  A dart slug (D:1)
  3 endoplasms (D:1)
  2 giant cockroaches (D:1)
  A hobgoblin (D:1)
  A quokka (D:1)
  2 bats
  5 rats (D:1)
15 creatures vanquished.

Notes
Turn   | Place    | Note
-------+----------+-------------------------------------------
     0 | D:1      | ytrimaz the Felid Transmuter began the quest for the Orb.
     0 | D:1      | Reached XP level 1. HP: 9/9 MP: 4/4
   286 | D:1      | Reached XP level 2. HP: 12/12 MP: 4/6
   432 | D:1      | Found a faded altar of an unknown god.
   883 | D:2      | Found a shimmering altar of Xom.
   904 | D:2      | Slain by a bat

Illustrated notes

Levels and vault maps discovered:
D:1:      dpeg_arrival_rooms_with_view, layout_loops_ring,
          dreamdust_ecumenical_altar_angels_and_demons
D:2:      layout_rooms, basic_altar, uniq_sigmund

Action                   || total
-------------------------++-------
Melee: Unarmed           ||    41
       Bite              ||     2
 Cast: Beastly Appendage ||     5
  Use: Scroll            ||     3
 Stab: Sleeping          ||     1
Armor: Skin              ||     3
Dodge: Dodged            ||    37

Table legend: (Time is in decaauts)
 A = Elapsed time spent in this place.
 B = Non-inter-level travel time spent in this place.
 C = Inter-level travel time spent in this place.
 D = Time resting spent in this place.
 E = Time spent auto-exploring this place.
 F = Levels seen in this place.
 G = Mean time per level.
                   A        B        C        D        E       F      G
               +--------+--------+--------+--------+--------+-----+--------+
         Total |    777 |    754 |     23 |      0 |    620 |   2 |  388.5 |
       Dungeon |    777 |    754 |     23 |      0 |    620 |   2 |  388.5 |
               +--------+--------+--------+--------+--------+-----+--------+

Top non-repeatable levels by time:
     D:1: 750 daAuts
     D:2: 27 daAuts
